 Dungeon Crawl Stone Soup version 0.29.0-7-g18a832c13a (webtiles) character file.

Game seed: 1215941561571499908

2143 p0werm0de the Trooper (level 9, 52/61 HPs)
             Began as a Gargoyle Chaos Knight on Aug 30, 2022.
             Was a Plaything of Xom.
             Quit the game on level 7 of the Dungeon.
             The game lasted 00:06:06 (7844 turns).

p0werm0de the Trooper (Gargoyle Chaos Knight)       Turns: 7844, Time: 00:06:06

Health: 52/61      AC: 18    Str: 17    XL:     9   Next: 30%
Magic:  9/9        EV: 11    Int: 14    God:    Xom [..*...]
Gold:   437        SH:  7    Dex: 12    Spells: 8/8 levels left

rFire   . . .      SeeInvis .   G - +3 whip (venom)
rCold   . . .      Faith    .   m - +2 buckler
rNeg    + + .      Spirit   .   b - +2 leather armour
rPois   ∞          Reflect  .   (helmet restricted)
rElec   +          Harm     .   (no cloak)
rCorr   .          Rampage  .   (no gloves)
Will    .....                   d - +1 pair of boots
Stlth   +.........              (no amulet)
HPRegen 0.20/turn               r - ring of Feryr {Drain +Blink rN+ AC+4 Dex+3}
MPRegen 0.11/turn               (no ring)

@: no status effects
A: sickness immunity, AC +6, negative energy resistance 1, electricity
resistance, torment resistance 1, petrification resistance, antennae 1, robust
1, weak 1, inability to drink after injury 2
a: Renounce Religion, Evoke Blink


You were on level 7 of the Dungeon.
You worshipped Xom.
You were a toy of Xom.
You visited 2 branches of the dungeon, and saw 8 of its levels.
You also visited: Sewer.

You collected 437 gold pieces.

Inventory:

Hand Weapons
 a - a +0 hand axe of chaos
 i - a +1 dagger of electrocution
   (You took it off a goblin on level 2 of the Dungeon)
 u - a +1 flail of protection
   (You took it off a gnoll on level 5 of the Dungeon)
 A - the +1 falchion of the Apocalypse {freeze, rElec Str+4}
   (You took it off a gnoll on level 5 of the Dungeon)

   It freezes those it strikes, dealing additional cold damage.
   It can also slow down cold-blooded creatures.
   Str:       It affects your strength (+4).
   rElec:     It insulates you from electricity.
 C - a +0 short sword of electrocution
   (You took it off a kobold on level 1 of the Dungeon)
 G - a +3 whip of venom (weapon)
   (You took it off a kobold on level 6 of the Dungeon)
Missiles
 y - a throwing net
Armour
 b - a +2 leather armour (worn)
 d - a +1 pair of boots (worn)
   (You found it on level 1 of the Dungeon)
 m - a +2 buckler (worn)
   (You found it on level 2 of the Dungeon)
Jewellery
 f - a ring of protection from fire
   (You found it on level 6 of the Dungeon)
 g - a ring of flight
   (You found it on level 1 of the Dungeon)
 r - the ring of Feryr (left hand) {Drain +Blink rN+ AC+4 Dex+3}
   (You found it on level 5 of the Dungeon)

   [ring of protection]

   AC:        It affects your AC (+4).
   Dex:       It affects your dexterity (+3).
   rN:        It protects you from negative energy.
   +Blink:    It lets you blink.
   Drain:     It drains your maximum health when unequipped.
Scrolls
 e - a scroll of poison
 o - 2 scrolls of immolation
 s - a scroll of summoning
 t - a scroll of teleportation
Potions
 h - 2 potions of haste
 j - 2 potions of ambrosia
 k - a potion of degeneration {unknown}
 l - a potion of berserk rage {unknown}
 n - a potion of magic {unknown}
 p - 2 potions of flight {unknown}
 q - 3 potions of curing
 v - a potion of mutation {unknown}
 w - 2 potions of heal wounds
 x - a potion of brilliance {unknown}
 z - 2 potions of lignification {unknown}
Miscellaneous
 c - a condenser vane (inert)
   (Xom gifted it to you on level 7 of the Dungeon)
 F - a piece from Xom's chessboard (15/15) (quivered)


   Skills:
 * Level 6.7 Fighting
 * Level 5.5 Axes
 * Level 6.3 Armour
 - Level 0.7 Dodging
 * Level 5.4 Shields
 * Level 4.8 Evocations


You had 8 spell levels left.
You didn't know any spells.
Your spell library contained the following spells:

 Spells                   Type           Power      Damage    Failure   Level
 Necrotise                Necr           0%         1d4       41%         1
 Shock                    Conj/Air       0%         1d3       41%         1
 Swiftness                Air            0%         N/A       78%         3
 Vampiric Draining        Necr           0%         2d6       78%         3
 Airstrike                Air            0%         2d(0-16)  99%         4
 Agony                    Necr           0%         N/A       100%        5


Dungeon Overview and Level Annotations

Branches:
Dungeon (7/15)             Temple (1/1) D:6           Sewer (visited)

Altars:
Ashenzari
Cheibriados
Dithmenos
Elyvilon
Gozag
Hepliaklqana
Kikubaaqudgha
Nemelex Xobeh
Qazlal
Sif Muna
Uskayaw
Vehumet
Wu Jian
Xom
Zin
The Shining One

Shops:
D:5 *


Innate Abilities, Weirdness & Mutations

You are immune to sickness and miasma.
Your stone body is resilient. (AC +6)
You are immune to poison.
You resist negative energy. (rN+)
You are resistant to electric shocks. (rElec)
You are resistant to unholy torment.
You are immune to petrification.
You have a pair of small antennae on your head.
You are robust. (+10% HP)
You are weak. (Str -2)
You sometimes lose the ability to drink potions when taking damage.


Message History

You barely miss the ice beast.
The ice beast is almost dead.
You block the ice beast's attack.
You hit the ice beast.
You kill the ice beast!
You block the orc's attack.
You hit the orc.
The orc is severely wounded.
The orc misses you.
You thump the orc!
You kill the orc!
No target in view!
No target in view!
No target in view!
No target in view!
No target in view!
No target in view!
No target in view!
No target in view!
No target in view!
No target in view!
Things that are here:
a +4 shortbow; a centaur corpse
Things that are here:
a +0 dagger; a +0 leather armour
Things that are here:
a +4 shortbow; a centaur corpse You see here a wand of flame (28).
As you read the scroll labelled CABBAZ HOLUPS, it crumbles to dust.
It is a scroll of enchant weapon.
Your +2 whip of venom glows red for a moment.
Your +1 flail of protection goes still.
Your +3 whip of venom begins to drip with poison!
G - a +3 whip of venom (weapon)
As you read the scroll labelled VAUGRE MIOLIL, it crumbles to dust.
The scroll dissolves into smoke.
It was a scroll of fog.
As you read the scroll labelled SAJEFI VIFAECLO, it crumbles to dust.
It is a scroll of amnesia.
You feel forgetful for a moment.
Are you sure you want to abandon this character and quit the game? (Confirm with "yes".)

#.#.....#.#.##..##.
#.#.......#.#..... #.
#.#....####.# #..###
#...#.#.........#+#....#
#.....)....#...........###
#.....#)#.............†..#
#.....#.##§#<......#####.#
#.....#.##§#.......# #.#
#.....#.##@+.......# #.##
#.......####.......# #..#
#..................# ##..
#...#.##.....<.....# ###
................ #
.................
8###8###⌠###8###8 ## ###
##


There were no monsters in sight!

Vanquished Creatures
  Grinder (D:3)
  A steam dragon (D:7)
  A water moccasin (Sewer)
  Duvessa (D:6)
  A black bear (D:4)
  2 ice beasts (D:7)
  An ogre (D:7)
  2 centaurs
  A kobold brigand (D:6)
  A bullfrog (D:7)
  A scorpion (D:4)
  Dowan (D:6)
  A howler monkey (D:6)
  2 jellies
  4 hounds
  7 orc priests
  A gnoll bouda (D:5)
  3 iguanas
  3 orc wizards
  2 gnolls (D:5)
  7 adders
  A shadow imp (D:6)
  3 white imps
  5 ufetubi
  3 worms
  2 dart slugs
  23 orcs
  7 ball pythons
  4 bats
  6 endoplasms
  2 giant cockroaches
  6 goblins
  11 hobgoblins
  6 jackals
  A quokka (D:1)
  11 kobolds
  2 rats (D:2)
137 creatures vanquished.

Vanquished Creatures (collateral kills)
  An ufetubus (D:4)
  A goblin (D:4)
  A hobgoblin (D:4)
  2 quokkas (D:4)
5 creatures vanquished.

Grand Total: 142 creatures vanquished

Notes
Turn   | Place    | Note
-------+----------+-------------------------------------------
     0 | D:1      | p0werm0de the Gargoyle Chaos Knight began the quest for the
                  | Orb.
     0 | D:1      | Reached XP level 1. HP: 14/14 MP: 1/1
   160 | D:1      | Reached XP level 2. HP: 19/19 MP: 2/2
   555 | D:1      | Found a faded altar of an unknown god.
   964 | D:2      | Reached skill level 1 in Evocations
   964 | D:2      | Reached XP level 3. HP: 23/23 MP: 3/3
  1085 | D:2      | XOM: silly message
  1171 | D:2      | XOM: noise
  1562 | D:2      | Found a shimmering blue altar of Sif Muna.
  1721 | D:2      | XOM: stat loss: -1 Int (11/12)
  1994 | D:3      | Reached skill level 1 in Shields
  1994 | D:3      | Reached XP level 4. HP: 25/29 MP: 4/4
  2127 | D:3      | Noticed Grinder
  2127 | D:3      | XOM: repel stairs
  2136 | D:3      | Paralysed by Grinder for 4 turns
  2511 | D:3      | XOM: silly message
  2718 | D:3      | XOM: noise
  2729 | D:3      | Killed Grinder
  2730 | D:3      | Reached XP level 5. HP: 23/34 MP: 5/5
  2730 | D:3      | Reached XP level 6. HP: 26/39 MP: 6/6
  2911 | D:3      | Noticed an orc warrior
  2913 | D:3      | XOM: blink monster(s)
  2917 | D:3      | XOM: 1-stop teleportation journey
  3075 | D:3      | XOM is BORED!
  3075 | D:3      | XOM: give mutations
  3075 | D:3      | Gained mutation: You are robust. (+10% HP) [Xom's mischief]
  3075 | D:3      | Gained mutation: You occasionally lose the ability to drink
                  | potions when taking damage. [Xom's mischief]
  3075 | D:3      | Gained mutation: You have a pair of small antennae on your
                  | head. [Xom's mischief]
  3075 | D:3      | Gained mutation: You sometimes lose the ability to drink
                  | potions when taking damage. [Xom's mischief]
  3076 | D:3      | XOM: 7-stop teleportation journey
  3138 | D:3      | Found a hazy altar of Hepliaklqana.
  3146 | D:3      | XOM: swap monsters
  3271 | D:4      | XOM: stat loss: -1 Str (16/17)
  3483 | D:4      | Noticed a black bear
  3485 | D:4      | XOM: noise
  3487 | D:4      | XOM: draining
  3489 | D:4      | XOM: summons 3 friendly demons
  3512 | D:4      | Killed a black bear
  3513 | D:4      | Reached XP level 7. HP: 16/48 MP: 7/7
  4013 | D:4      | XOM: summons 2 hostile shadow creatures
  4017 | D:4      | XOM: silly message
  4156 | D:4      | XOM: silly message
  4411 | D:4      | Reached skill level 5 in Fighting
  4444 | D:5      | Entered Level 5 of the Dungeon
  4452 | D:5      | Identified the ring of Feryr {Drain +Blink rN+ AC+4 Dex+3}
  4550 | D:5      | Found a snail-covered altar of Cheibriados.
  4748 | D:5      | Identified the +1 falchion of the Apocalypse {freeze, rElec
                  | Str+4}
  4763 | D:5      | XOM: blink monster(s)
  5016 | D:5      | XOM: smoke on damage
  5030 | D:5      | XOM: smoke on damage
  5059 | D:5      | Found a glowing drain.
  5065 | D:5      | XOM: chaos cloud
  5081 | Sewer    | XOM: noise
  5081 | Sewer    | Entered a sewer
  5303 | Sewer    | Reached XP level 8. HP: 49/55 MP: 8/8
  5427 | D:5      | XOM: confusion
  5564 | D:5      | XOM: silly message
  5618 | D:5      | Found Beici's Elemental Accessories.
  5667 | D:5      | XOM: give mutation
  5667 | D:5      | Gained mutation: You are weak. (Str -2) [Xom's mischief]
  5739 | D:5      | XOM: draining
  5786 | D:6      | Reached skill level 5 in Armour
  5819 | D:6      | Found a staircase to the Ecumenical Temple.
  5840 | Temple   | Entered the Ecumenical Temple
  5889 | D:6      | XOM: noise
  5910 | D:6      | XOM: 1-stop teleportation journey
  5924 | D:6      | XOM: enchant monster (good)
  6038 | D:7      | XOM: god gift: condenser vane
  6244 | D:7      | Reached skill level 5 in Axes
  6317 | D:7      | Found an opulent altar of Gozag.
  7143 | D:6      | XOM is BORED!
  7143 | D:6      | XOM: polymorph crimson imp -> white imp
  7170 | D:6      | Reached skill level 5 in Shields
  7170 | D:6      | Reached XP level 9. HP: 61/61 MP: 9/9
  7472 | D:6      | Noticed Duvessa
  7483 | D:6      | XOM: potion effect (might)
  7486 | D:6      | Killed Duvessa
  7489 | D:6      | Noticed Dowan
  7496 | D:6      | Killed Dowan
  7524 | D:6      | Found an ancient bone altar of Kikubaaqudgha.
  7647 | D:6      | Found a radiant altar of Vehumet.
  7844 | D:7      | Quit the game

Illustrated notes

Levels and vault maps discovered:
D:1:      dreamdust_arrival_sigmund_warning, layout_basic,
          hellmonk_ecumenical_altar_inner_sanctum
D:2:      layout_basic, basic_altar
D:3:      layout_rooms, worldfamousw_hep_ancestral_shrine, uniq_grinder
D:4:      layout_gridville, minmay_pentangle
D:5:      layout_gridville, mainiacjoe_overflow_24_doors, portal_sewer_entry_d,
          nicolae_elemental_shop
D:6:      layout_rooms, lemuel_round_altar, mainiacjoe_overflow_alcove_4,
          minmay_temple_entry_large_hall, minmay_fire_ice_demons, uniq_duvessa
D:7:      layout_basic, nicolae_gozag_cash_rules_everything_around_me,
          serial_corexii_hall, chequers_hall_statues_wall_a,
          chequers_hall_statues_wall_a, corexii_hall_statues_deadend
Temple:   nicolae_temple_ecumenical_triangle

Skill      XL: |  1  2  3  4  5  6  7  8  9 |
---------------+----------------------------+-----
Axes           | 3 4 5 |  5.5
Evocations     | 1 2 3 4 |  4.8
Armour         | 3 4 5 6 |  6.3
Shields        | 1 2 3 5 |  5.4
Fighting       | 4 5 6 |  6.7
Dodging        | |  0.7

Action                   |  1- 3 |  4- 6 |  7- 9 || total
-------------------------+-------+-------+-------++-------
Melee: Hand axe          |    24 |       |       ||    24
       Short sword       |    39 |       |       ||    39
       Dagger            |    49 |   163 |   176 ||   388
       Flail             |       |       |   251 ||   251
Evoke: Condenser vane    |       |       |     1 ||     1
  Use: Potion            |       |     2 |     1 ||     3
       Scroll            |       |     1 |    14 ||    15
 Stab: Sleeping          |       |       |     1 ||     1
Armor: Leather armour    |    49 |    85 |   297 ||   431
Dodge: Dodged            |    62 |   105 |   267 ||   434
Block: Buckler           |    14 |    65 |   184 ||   263
